Cogmind - Beta 15 @@@ ROGUE MODE // 2025.08.31 @ 14:38:58 Player: shapeshifter Result: Destroyed by G-50 Soldier with Heavy Laser Performance ------------- Evolutions (5) 2500 Regions Visited (23) 4600 Robots Destroyed (229) 1145 Value Destroyed (11856) 11856 Prototype IDs (41) 820 Alien Tech Used (0) 0 Bonus (10889) 10889 TOTAL SCORE: 31810 Bonus ------- High Alert Combat Kills 2051 Follower Combat Kills 3739 Entered Garrisons 1000 Used RIF Installer 2500 Entered DSFs 500 Network Hubs Disabled 200 Built Enhanced Grunts 300 A7 Reached Mainframe 300 Met R17 at Cetus 500 Friendly Fire -201 Cogmind --------- Core Integrity 0/1000 Matter 265/300 Energy 40/100 System Corruption 11% Temperature Cool (9) Movement Core (50) Location -5/Garrison Parts ------- > --- POWER (2) -------- (None) > --- PROPULSION (5) --- (None) > --- UTILITY (6) ------ Relay Coupler [Brawler] (31) Relay Coupler [Duelist] (32) Relay Coupler [Demolisher] (22) > --- WEAPON (4) ------- (None) > --- INVENTORY (5) ---- Huge Storage Unit Peak State ------------ > --- POWER ------------ Quantum Reactor Quantum Reactor > --- PROPULSION ------- Improved Medium Treads Centrium Heavy Treads Centrium Heavy Treads > --- UTILITY ---------- Advanced Heat Sink Huge Storage Unit Advanced Phase Shifter Centrium Medium Armor Plating Relay Coupler [NC] Relay Coupler [Hunter] > --- WEAPON ----------- Advanced Variable Charge Gun KE Penetrator Advanced KE Penetrator Remote Datajack > --- INVENTORY -------- Quantum Reactor Reinforced Quantum Reactor Centrium Heavy Treads Centrium Heavy Treads Huge Storage Unit Advanced Energy Well High-capacity Matter Pod Centrium Medium Armor Plating Centrium Medium Armor Plating Focal Shield Improved System Shield Improved System Shield Relay Coupler [Swarmer] Relay Coupler [Grunt] Relay Coupler [Brawler] Relay Coupler [Demolisher] Relay Coupler [Demolisher] Advanced Variable Charge Gun Advanced Variable Charge Gun Advanced Variable Charge Gun [Rating: 129] Favorites ----------- Power Deuterium Engine Engine Deuterium Engine Power Core Light Nuclear Core Reactor Quantum Reactor Propulsion Light Treads Treads Light Treads Leg Carbon-fiber Leg Wheel Armored Wheel Utility Huge Storage Unit Device Improved Heat Sink Storage Huge Storage Unit Processor Improved Signal Interpreter Hackware Relay Coupler [NC] Protection Improved Medium Armor Plating Weapon Heavy Assault Rifle Energy Gun Advanced Variable Charge Gun Energy Cannon Advanced Beam Cannon Ballistic Gun Heavy Assault Rifle Ballistic Cannon Advanced Assault Cannon Launcher Rocket Launcher Special Weapon Remote Datajack Impact Weapon Mace Build | -11 -10 -10 -9 -9 -9 -8 -8 -8 -7 -7 -7 -7 -6 -6 -6 -6 -6 -6 -6 -5 -5 -5 -5 ------- Run | Yrd Mat Min Mat Min Exi Min Mat Gar Fac Gar Fac DSF Fac Gar Fac Ext Cet Arc Hub Fac Gar Fac Gar Slots Evolved 10 | . . . 2 . . . 2 . 2 . . . 2 . . . . . . 2 . . . Power 1 | . . . . . . . . . . . . . . . . . . . . 1 . . . Propulsion 3 | . . . . . . . 1 . 1 . . . 1 . . . . . . . . . . Utility 4 | . . . 1 . . . . . 1 . . . 1 . . . . . . 1 . . . Weapon 2 | . . . 1 . . . 1 . . . . . . . . . . . . . . . . Parts Attached 205 | 8 13 . 17 . 2 9 18 22 5 24 1 14 2 11 2 21 12 3 4 1 12 . 4 Power 19 | 1 3 . 2 . . 1 . 1 . 2 . 1 . 3 . 1 1 . . 1 2 . . Engine 9 | 1 3 . 1 . . 1 . 1 . 2 . . . . . . . . . . . . . Core 4 | . . . 1 . . . . . . . . 1 . 1 . . . . . . 1 . . Reactor 6 | . . . . . . . . . . . . . . 2 . 1 1 . . 1 1 . . Propulsion 51 | 2 3 . 2 . 1 3 5 7 1 7 . 4 1 1 . 8 3 . . . 3 . . Treads 40 | 2 1 . 1 . . 3 5 7 1 7 . 4 1 1 . 3 2 . . . 2 . . Leg 3 | . . . . . . . . . . . . . . . . 1 1 . . . 1 . . Wheel 8 | . 2 . 1 . 1 . . . . . . . . . . 4 . . . . . . . Hover . | . . . . . . . . . . . . . . . . . . . . . . . . Flight . | . . . . . . . . . . . . . . . . . . . . . . . . Utility 68 | 3 4 . 4 . 1 1 7 4 3 10 1 3 1 4 1 4 3 2 3 . 5 . 4 Device 12 | 2 . . . . . . . 1 1 1 . 1 1 . . 1 2 . 1 . 1 . . Storage 8 | 1 3 . . . . . 1 . 1 . . . . . . 1 1 . . . . . . Processor 2 | . . . . . . . . . 1 . . . . . 1 . . . . . . . . Hackware 20 | . . . . . . . 1 . . 4 1 1 . 3 . 1 . 2 1 . 2 . 4 Protection 26 | . 1 . 4 . 1 1 5 3 . 5 . 1 . 1 . 1 . . 1 . 2 . . Artifact . | . . . . . . . . . . . . . . . . . . . . . . . . Weapon 67 | 2 3 . 9 . . 4 6 10 1 5 . 6 . 3 1 8 5 1 1 . 2 . . Energy Gun 8 | . . . . . . . . . . . . . . 1 . 2 4 . . . 1 . . Energy Cannon 1 | . . . . . . . . . 1 . . . . . . . . . . . . . . Ballistic Gun 44 | 2 3 . 8 . . 4 6 5 . 2 . 6 . 1 1 4 1 1 . . . . . Ballistic Cannon 7 | . . . . . . . . 4 . 2 . . . . . 1 . . . . . . . Launcher 2 | . . . 1 . . . . . . 1 . . . . . . . . . . . . . Special Weapon 4 | . . . . . . . . 1 . . . . . . . 1 . . 1 . 1 . . Impact Weapon 1 | . . . . . . . . . . . . . . 1 . . . . . . . . . Slashing Weapon . | . . . . . . . . . . . . . . . . . . . . . . . . Piercing Weapon . | . . . . . . . . . . . . . . . . . . . . . . . . Special Melee Weapon . | . . . . . . . . . . . . . . . . . . . . . . . . Unidentified Prototypes 12 | . . . 2 . . . . . 2 . . . . . . . 7 . 1 . . . . Corrupted Parts 2 | . . . . . . . . . . . . . . . . . . . . . 2 . . System Corruption 2 | . . . . . . . . . . . . . . . . . . . . . 2 . . Parts Lost 71 | . 1 . 5 . . 9 5 8 . . . . . 6 . 13 1 . 1 . 18 . 4 Power 5 | . . . . . . 1 . . . . . . . . . 1 . . . . 3 . . Propulsion 21 | . . . 1 . . 3 1 2 . . . . . 1 . 6 1 . . . 6 . . Utility 15 | . . . . . . 1 1 . . . . . . 2 . 4 . . . . 3 . 4 Weapon 30 | . 1 . 4 . . 4 3 6 . . . . . 3 . 2 . . 1 . 6 . . Highest Loss Streak 9 | . 1 . 5 . . 5 2 3 . . . . . 4 . 9 1 . 1 . 9 . 4 To Critical Strikes 4 | . . . . . . . . 1 . . . . . . . . . . . . 3 . . Average Backups 21 | 3 9 20 24 23 24 20 22 23 23 23 23 22 21 21 22 22 22 22 22 18 17 5 5 Power . | . . 1 . . . . 1 . . . 1 2 3 2 2 1 1 3 3 2 1 . . Propulsion 2 | 1 1 2 5 7 4 2 3 1 1 . . 1 1 . . . 1 2 2 2 1 . . Utility 13 | . 3 9 10 9 11 11 12 16 19 18 17 13 11 11 15 12 11 13 13 11 13 5 5 Weapon 4 | . 3 8 7 7 8 6 5 3 2 2 3 3 4 4 3 7 6 3 3 3 2 . . Tool/Special . | . . . . . . . . . . . . . . . . . . . . . . . . Unused Backups 78 | . 7 . 15 . 2 . 11 12 . 5 . 3 . 5 . 3 7 2 . . 6 . . Power 11 | . . . 3 . . . 3 . . 1 . . . 3 . . . . . . 1 . . Propulsion 4 | . 2 . 1 . 1 . . . . . . . . . . . . . . . . . . Utility 40 | . 2 . 7 . . . 3 12 . 4 . 3 . 2 . 1 1 1 . . 4 . . Weapon 22 | . 2 . 4 . 1 . 5 . . . . . . . . 2 6 1 . . 1 . . Tool/Special 1 | . 1 . . . . . . . . . . . . . . . . . . . . . . Average Slot Usage (%) 94 | . 99 100 99 100 100 91 97 96 99 93 92 96 92 99 99 87 68 81 85 87 71 23 22 Engine 6 | . 14 14 8 11 11 4 9 9 7 7 7 3 . . . . . . . . . . . Reactor 1 | . . . . . . . . . . . . . . 3 6 5 6 6 6 11 6 . . Treads 20 | . 14 . . . . 13 26 26 29 29 30 30 33 33 33 20 18 20 20 17 10 . . Wheel 5 | . 13 28 21 22 22 8 . . . . . . . . . 7 4 . . . . . . Device 3 | . 7 . . . . . . 8 7 3 . . . . 3 3 6 6 8 11 4 5 4 Storage 8 | . 14 14 11 11 11 11 9 9 7 7 7 7 6 6 6 6 6 6 6 5 4 . . Hackware 4 | . . . . . . . 3 . . 7 19 20 13 13 13 7 6 8 17 11 15 17 17 Protection 11 | . 6 14 21 22 22 22 14 9 7 10 3 1 5 12 3 4 6 4 . 4 4 . . Ballistic Gun 20 | . 27 28 33 33 33 32 34 17 7 10 7 21 26 24 20 17 7 18 17 11 5 . . Ballistic Cannon 4 | . . . . . . . . 15 14 10 15 3 . . . . . . . . . . . Special Weapon 1 | . . . . . . . . . 7 4 . 1 . . 1 1 . . 1 5 3 . . Peak Build Rating 129 | 9 12 13 20 21 23 24 30 39 49 49 49 61 67 72 75 75 116 115 115 128 129 15 15 Average Rating 43 | 5 9 12 18 20 22 20 27 34 48 45 47 56 62 68 73 63 78 113 113 127 96 15 14 On Entrance 48 | . 7 12 13 19 21 23 20 30 39 49 49 46 60 62 68 75 61 115 114 112 128 15 15 Naked Turns . | . . . . . . . . . . . . . . . . . . . . . . . . Heaviest Build 150 | 15 94 94 104 104 104 107 117 118 115 127 127 127 116 130 127 120 140 140 127 150 150 1 1 Greatest Support 190 | 40 40 24 24 24 24 40 60 60 80 80 80 112 140 140 140 140 190 190 190 190 190 3 3 Greatest Overweight (x) 8 | . 3 3 8 4 4 8 2 2 1 1 1 1 . . . 7 7 . . . 8 . . Average Overweight (x) 1 | . . 3 3 4 4 4 1 1 1 1 1 . . . . 1 . . . . . . . Largest Inventory Capacity 25 | 8 25 25 25 25 25 25 25 25 25 25 25 25 25 25 25 25 25 25 25 25 25 5 5 Average Capacity 24 | 7 12 25 25 25 25 25 25 25 25 25 25 25 25 25 25 25 25 25 25 25 24 5 5 Most Carried 25 | 6 18 21 25 25 25 25 25 25 25 25 25 25 24 25 25 25 25 25 25 21 24 5 5 Average Carried 23 | 3 9 20 24 23 24 21 23 24 24 24 25 24 23 23 24 24 24 24 24 20 18 5 4 Final Capacity 25 | 8 25 25 25 25 25 25 25 25 25 25 25 25 25 25 25 25 25 25 25 25 25 5 5 Final Carried 25 | 5 18 21 22 25 25 21 25 25 25 25 25 24 23 24 25 25 25 25 22 20 23 5 1 Class Distribution -------------------- 29% | Bothacker-Tank 21% | Scavenger-Tank 18% | Tank 8% | Mutant 5% | Commander-Tank 4% | Commander-Skirmisher 3% | Bothacker-Skirmisher Dominant Class ---------------- Mutant | -10/Materials Mutant | -10/Mines Tank | -9/Materials Tank | -9/Mines Tank | -9/Exiles Scavenger-Tank | -8/Mines Scavenger-Tank | -8/Materials Scavenger-Tank | -8/Garrison Commander-Skirmisher | -7/Factory Bothacker-Tank | -7/Garrison Bothacker-Gunner | -7/Factory Bothacker-Gunner | -7/DSF Bothacker-Tank | -6/Factory Bothacker-Tank | -6/Garrison Bothacker-Skirmisher | -6/Factory Bothacker-Tank | -6/Extension Bothacker-Mutant | -6/Cetus Bothacker-Tank | -6/Archives Bothacker-Tank | -6/Hub_04(d) Scavenger-Tank | -5/Factory Botlord-Mutant | -5/Garrison Mutant | -5/Factory Mutant | -5/Garrison Resources | -11 -10 -10 -9 -9 -9 -8 -8 -8 -7 -7 -7 -7 -6 -6 -6 -6 -6 -6 -6 -5 -5 -5 -5 ----------- Run | Yrd Mat Min Mat Min Exi Min Mat Gar Fac Gar Fac DSF Fac Gar Fac Ext Cet Arc Hub Fac Gar Fac Gar Matter Collected 10442 | 301 439 44 667 70 320 482 957 1970 32 1461 . 482 . 1190 90 468 364 395 195 . 515 . . Remotely . | . . . . . . . . . . . . . . . . . . . . . . . . Salvage Created 10013 | 19 589 44 1155 56 332 790 1168 1180 . 724 . 303 . 1450 . 577 63 230 241 . 1092 . . Parts 550 | 3 41 7 69 9 17 37 81 63 . 35 . 11 . 74 . 26 3 17 16 . 41 . . Haulers Intercepted 7 | . 2 . 4 . . . 1 . . . . . . . . . . . . . . . . Recyclers Shooed 1 | 1 . . . . . . . . . . . . . . . . . . . . . . . Parts Field Recycled . | . . . . . . . . . . . . . . . . . . . . . . . . Retrieved Matter . | . . . . . . . . . . . . . . . . . . . . . . . . Parts Self-Destructed . | . . . . . . . . . . . . . . . . . . . . . . . . Prevented . | . . . . . . . . . . . . . . . . . . . . . . . . Kills | -11 -10 -10 -9 -9 -9 -8 -8 -8 -7 -7 -7 -7 -6 -6 -6 -6 -6 -6 -6 -5 -5 -5 -5 ------- Run | Yrd Mat Min Mat Min Exi Min Mat Gar Fac Gar Fac DSF Fac Gar Fac Ext Cet Arc Hub Fac Gar Fac Gar Combat Hostiles Destroyed 188 | . 10 3 21 4 . 15 27 31 . 25 . 5 . 21 . 5 . . 4 . 17 . . Guns 160 | . 10 3 21 4 . 15 27 24 . 10 . 2 . 21 . 5 . . 2 . 16 . . Cannons 24 | . . . . . . . . 7 . 15 . 2 . . . . . . . . . . . AOE 2 | . . . . . . . . . . . . . . . . . . . 2 . . . . Classes Destroyed 17 | 1 6 . 2 . . 2 . 1 . . . 2 . . . 2 . 1 . . . . . Worker 5 | . 1 . . . . . 1 . . . . . . . . 1 . . 2 . . . . Builder 3 | . 1 . . . . 1 . . . . . . . . . . . . 1 . . . . Tunneler 1 | 1 . . . . . . . . . . . . . . . . . . . . . . . Hauler 7 | . 2 . 4 . . . 1 . . . . . . . . . . . . . . . . Recycler 1 | . . . . . . . . . . . . . . . . 1 . . . . . . . Operator 6 | . . . . . . . . . . . . . . . . . . 6 . . . . . Watcher 17 | . 3 . 3 . . . 3 1 . 1 . . . . . 3 2 . . . 1 . . Swarmer 43 | . 2 3 3 4 . . 7 6 . 12 . . . 2 . 1 . . 2 . 1 . . Grunt 76 | . 8 . 11 . . 8 10 13 . 4 . 1 . 12 . 1 . . . . 8 . . Brawler 11 | . . . 1 . . 3 2 1 . 1 . . . 3 . . . . . . . . . Duelist 6 | . . . . . . 1 . . . 3 . 1 . . . . . . . . 1 . . Sentry 33 | . . . 6 . . . 8 7 . 3 . 1 . 3 . 2 . . . . 3 . . Specialist 2 | . . . . . . . . . . . . 1 . . . . . . . . 1 . . Hunter 9 | . . . . . . 3 . 1 . 2 . . . . . . . . 1 . 2 . . Programmer 6 | . . . . . . . . 3 . . . . . 1 . . . . . . 2 . . Heavy 2 | . . . . . . . . . . . . 1 . . . . . . 1 . . . . Behemoth 1 | . . . . . . . . . . . . . . . . 1 . . . . . . . Best Kill Streak 9 | 1 3 2 5 4 . 7 4 6 . 9 . 2 . 3 . 2 1 2 5 . 3 . . Combat Bots Only 9 | . 2 2 5 4 . 5 4 6 . 9 . 2 . 3 . 1 . . 2 . 3 . . Max Kills in Single Turn 5 | 1 1 1 2 1 . 2 2 1 . 2 . 1 . 2 . 1 1 1 5 . 2 . . Gunslinging 1 | . . . 1 . . . 1 . . . . . . . . . . . . . 1 . . Exploded 2 | . . . . . . . . . . . . . . . . . . . 2 . . . . Melee . | . . . . . . . . . . . . . . . . . . . . . . . . Uniques/NPCs Destroyed . | . . . . . . . . . . . . . . . . . . . . . . . . Combat | -11 -10 -10 -9 -9 -9 -8 -8 -8 -7 -7 -7 -7 -6 -6 -6 -6 -6 -6 -6 -5 -5 -5 -5 -------- Run | Yrd Mat Min Mat Min Exi Min Mat Gar Fac Gar Fac DSF Fac Gar Fac Ext Cet Arc Hub Fac Gar Fac Gar Hostile Shots Fired 1759 | . 76 13 114 10 . 138 95 214 4 228 . 30 . 179 . 213 30 4 20 . 343 . 48 Missed 496 | . 16 4 23 4 . 36 24 42 . 66 . 8 . 45 . 76 11 2 6 . 113 . 20 Hits 1263 | . 60 9 91 6 . 102 71 172 4 162 . 22 . 134 . 137 19 2 14 . 230 . 28 Melee 15 | . . . . . . 8 . 2 . 2 . 2 . . . . . . . . . . 1 Projectile 1248 | . 60 9 91 6 . 94 71 170 4 160 . 20 . 134 . 137 19 2 14 . 230 . 27 AOE 5 | . . . . . . . . . 4 1 . . . . . . . . . . . . . Critical Strikes 39 | . 2 . . . . 4 3 9 . 2 . 1 . 2 . 3 2 . 3 . 6 . 2 Part Disruptions 1 | . . . . . . . . . . . . . . . . . . . . . 1 . . Damage Taken 19461 | . 793 69 1092 51 . 1645 1078 2430 189 1729 . 466 . 1974 . 1890 393 55 549 . 4576 . 482 Core 2467 | . 149 25 154 16 . 156 193 174 . 94 . 28 . 167 . 192 36 . 80 . 599 . 404 Absorbed by Shields 748 | . . . . . . . . 40 . 350 . . . . . 224 134 . . . . . . Redirected to Shielding 81 | . . . 32 3 . 35 11 . . . . . . . . . . . . . . . . Ignored by Resistances 149 | . . . . . . . . . . . . . . . . 7 87 . . . 55 . . Core Remaining (%) 51 | 100 . 30 . . . 18 . 33 . . . 82 . . . . . . 44 . . . . Volleys Fired 745 | 2 57 9 93 6 28 53 61 119 3 82 . 13 . 61 . 24 18 28 13 . 75 . . Largest 4 | 2 2 2 3 3 3 3 4 4 3 3 . 4 . 4 . 4 4 3 4 . 4 . . Hottest 240 | 40 40 40 63 63 63 69 95 143 103 125 . 132 . 132 . 123 240 101 240 . 240 . . Shots Fired 2065 | 4 113 18 274 18 84 156 207 346 5 208 . 39 . 199 . 114 31 77 30 . 142 . . Gun 1807 | 4 113 18 273 18 84 156 207 240 1 97 . 28 . 191 . 108 31 77 27 . 134 . . Cannon 225 | . . . . . . . . 106 4 107 . 8 . . . . . . . . . . . Launcher 2 | . . . 1 . . . . . . 1 . . . . . . . . . . . . . Special 31 | . . . . . . . . . . 3 . 3 . 8 . 6 . . 3 . 8 . . Kinetic 1945 | 4 113 18 273 18 84 156 207 346 5 204 . 36 . 190 . 108 23 77 19 . 64 . . Thermal 81 | . . . . . . . . . . . . . . 1 . . 2 . 8 . 70 . . Explosive 2 | . . . 1 . . . . . . 1 . . . . . . . . . . . . . Electromagnetic 6 | . . . . . . . . . . . . . . . . . 6 . . . . . . Robot Hit Streak 32 | 1 10 2 11 2 18 7 12 30 32 10 . 14 . 11 . 27 7 7 4 . 14 . . Robot Miss Streak 10 | 1 4 3 5 2 4 8 5 6 1 10 . 2 . 6 . 7 6 5 3 . 5 . . Penetration Max 2 | . . . . . . . . . . 1 . 1 . 2 . . 1 1 2 . . . . Secondary Targets 28 | . 3 . 2 . . 4 4 3 . . . 1 . 5 . . . . 1 . 5 . . Max Gunslinging Chain 2 | . 1 . 1 . . 1 1 1 . . . 1 . 1 . . . . 1 . 2 . . Autonomous 63 | . . . . . . . . . . . . . . . . 63 . . . . . . . Shots Hit Robots 1221 | 2 76 7 157 6 51 85 133 215 2 98 . 29 . 114 . 81 13 38 14 . 100 . . Core Hits 520 | 1 30 3 69 4 16 39 64 76 . 44 . 11 . 60 . 28 5 19 14 . 37 . . Critical Kills 31 | . . . . . . . . 3 . . . 2 . 20 . . 1 3 . . 2 . . Critical Parts Destroyed 48 | . . . . . . 1 1 . . 1 . 4 . 23 . 4 2 6 1 . 5 . . Critical Strikes 99 | . . . . . . 1 1 8 . 4 . 8 . 48 . 5 4 11 1 . 8 . . Destroy 89 | . . . . . . 1 1 3 . 1 . 6 . 48 . 5 4 11 1 . 8 . . Blast 10 | . . . . . . . . 5 . 3 . 2 . . . . . . . . . . . Melee Attacks 13 | . . . . . . . . . . . . . . 11 2 . . . . . . . . Impact 13 | . . . . . . . . . . . . . . 11 2 . . . . . . . . Slashing . | . . . . . . . . . . . . . . . . . . . . . . . . Piercing . | . . . . . . . . . . . . . . . . . . . . . . . . Sneak Attacks . | . . . . . . . . . . . . . . . . . . . . . . . . Combat Hostiles . | . . . . . . . . . . . . . . . . . . . . . . . . Follow-up Attacks . | . . . . . . . . . . . . . . . . . . . . . . . . Damage Inflicted 20892 | 25 952 95 1420 83 619 1161 2140 3850 39 2438 . 478 . 949 . 2080 371 878 657 . 2657 . . Guns 17384 | 25 952 95 1420 83 619 1161 2140 2550 12 848 . 200 . 925 . 2076 371 878 372 . 2657 . . Cannons 3119 | . . . . . . . . 1270 27 1544 . 278 . . . . . . . . . . . Explosions 340 | . . . . . . . . 9 . 46 . . . . . . . . 285 . . . . Melee 24 | . . . . . . . . . . . . . . 24 . . . . . . . . . Ramming 25 | . . . . . . . . 21 . . . . . . . 4 . . . . . . . Kinetic 18892 | 25 952 95 1420 83 619 1161 2140 3820 39 2392 . 478 . 925 . 2076 268 878 286 . 1235 . . Thermal 1508 | . . . . . . . . . . . . . . . . . . . 86 . 1422 . . Explosive 55 | . . . . . . . . 9 . 46 . . . . . . . . . . . . . Electromagnetic 388 | . . . . . . . . . . . . . . . . . 103 . 285 . . . . Impact 24 | . . . . . . . . . . . . . . 24 . . . . . . . . . Slashing . | . . . . . . . . . . . . . . . . . . . . . . . . Piercing . | . . . . . . . . . . . . . . . . . . . . . . . . Highest Corruption 11 | . 4 4 . . . . . 5 . . . . . . . 8 8 8 11 . 9 9 11 Average Corruption 5 | . 2 4 . . . . . 4 . . . . . . . 8 8 8 8 . 5 9 9 Corruption Purged . | . . . . . . . . . . . . . . . . . . . . . . . . Corruption Blocked . | . . . . . . . . . . . . . . . . . . . . . . . . Effects 151 | . 15 8 . . . . . 45 . . . . . . . 19 19 13 13 . 17 1 1 Message Errors 29 | . 3 2 . . . . . 5 . . . . . . . 5 6 3 . . 5 . . Matter Fused 41 | . 7 1 . . . . . 12 . . . . . . . 4 6 5 2 . 4 . . Heat Flow Errors 14 | . 1 . . . . . . 8 . . . . . . . . 2 . 2 . . . 1 Energy Discharges 18 | . 2 . . . . . . 5 . . . . . . . 4 1 . 3 . 3 . . Parts Rejected 4 | . . . . . . . . 1 . . . . . . . 1 . . 1 . 1 . . Parts Fused 6 | . . 1 . . . . . 3 . . . . . . . . 2 . . . . . . Data Loss (minor) 14 | . 1 1 . . . . . 3 . . . . . . . 2 1 2 2 . 1 1 . Data Loss (major) 6 | . . 1 . . . . . 1 . . . . . . . 2 . . 1 . 1 . . Misfires 7 | . 1 1 . . . . . 2 . . . . . . . 1 . . 1 . 1 . . Alerts 6 | . . . . . . . . 4 . . . . . . . . 1 . . . 1 . . Weapon Failures 6 | . . 1 . . . . . 1 . . . . . . . . . 3 1 . . . . Overload Shots 6 | . . . . . . . . . . . . . . . . . 2 . 2 . 2 . . Overflow Damage 156 | . . . . . . . . 31 . 125 . . . . . . . . . . . . . Projectiles 156 | . . . . . . . . 31 . 125 . . . . . . . . . . . . . Explosions . | . . . . . . . . . . . . . . . . . . . . . . . . Melee . | . . . . . . . . . . . . . . . . . . . . . . . . Knockbacks 16 | . . . . . . . . 3 . 13 . . . . . . . . . . . . . Impact . | . . . . . . . . . . . . . . . . . . . . . . . . Kinetic 16 | . . . . . . . . 3 . 13 . . . . . . . . . . . . . Secondary . | . . . . . . . . . . . . . . . . . . . . . . . . Self-Inflicted Damage 167 | . . . . . . . . 62 . . . . . . . . . . 105 . . . . Shots 2 | . . . . . . . . 1 . . . . . . . . . . 1 . . . . Rammed 5 | . . . . . . . . 5 . . . . . . . . . . . . . . . Targets Rammed 7 | . . . . . . . . 5 . . . . . . . 2 . . . . . . . Kicked 2 | . . . . . . . . . . . . . . . . 2 . . . . . . . Crushed . | . . . . . . . . . . . . . . . . . . . . . . . . Highest Temperature 527 | . 204 . 358 72 120 211 280 495 24 222 . 353 . 410 . 320 476 99 372 . 527 . 139 Average Temperature 98 | . 35 . 95 36 35 78 87 171 12 53 . 135 . 122 . 63 160 34 116 . 143 . 79 Received Heat Transfer 5214 | . 453 . 435 . . 612 486 918 . 252 . 123 . 588 . 647 13 . . . 651 . 36 Effects 42 | . . . 4 . . . 3 11 . . . 2 . 5 . . 1 . 2 . 14 . . Shutdowns 10 | . . . . . . . . 3 . . . . . 1 . . . . . . 6 . . Energy Bleed 2 | . . . . . . . . . . . . . . 1 . . . . 1 . . . . Interference 16 | . . . 3 . . . 3 1 . . . 2 . 3 . . . . . . 4 . . Matter Decay 4 | . . . . . . . . 1 . . . . . . . . . . 1 . 2 . . Short Circuit 4 | . . . . . . . . 2 . . . . . . . . 1 . . . 1 . . Damage (minor) 4 | . . . 1 . . . . 2 . . . . . . . . . . . . 1 . . Damage (major) 2 | . . . . . . . . 2 . . . . . . . . . . . . . . . Siege Activations . | . . . . . . . . . . . . . . . . . . . . . . . . Martial Activations . | . . . . . . . . . . . . . . . . . . . . . . . . Shielding Activations . | . . . . . . . . . . . . . . . . . . . . . . . . Robots Disrupted . | . . . . . . . . . . . . . . . . . . . . . . . . Combat Hostiles . | . . . . . . . . . . . . . . . . . . . . . . . . Robots Corrupted . | . . . . . . . . . . . . . . . . . . . . . . . . Combat Hostiles . | . . . . . . . . . . . . . . . . . . . . . . . . Parts Fried 2 | . . . . . . . . . . . . . . . . . 2 . . . . . . Impact Corruptions . | . . . . . . . . . . . . . . . . . . . . . . . . Robots Melted 1 | . . . . . . . . . . . . . . . . . . . . . 1 . . Combat Hostiles 1 | . . . . . . . . . . . . . . . . . . . . . 1 . . Parts Melted 5 | . . . . . . . . . . . . 5 . . . . . . . . . . . Heat Transferred 1805 | . . . . . . . . . . . . . . . . . . . 111 . 1694 . . Parts Sabotaged . | . . . . . . . . . . . . . . . . . . . . . . . . Parts Stolen . | . . . . . . . . . . . . . . . . . . . . . . . . Parts Stripped . | . . . . . . . . . . . . . . . . . . . . . . . . Power Chain Reactions 1 | . . . . . . . . . . . . . . . . . . . 1 . . . . Alert | -11 -10 -10 -9 -9 -9 -8 -8 -8 -7 -7 -7 -7 -6 -6 -6 -6 -6 -6 -6 -5 -5 -5 -5 ------- Run | Yrd Mat Min Mat Min Exi Min Mat Gar Fac Gar Fac DSF Fac Gar Fac Ext Cet Arc Hub Fac Gar Fac Gar Maximum Alert Level 5 | . . . 1 . . . . 5 4 5 4 4 2 4 3 3 2 1 2 1 2 1 . Low Security (%) 34 | 100 100 100 97 100 . 100 100 7 . . . . . . . . . 1 71 . 13 . 100 Level 1 9 | . . . 2 . . . . 8 . . . . . 4 . 48 . 98 16 100 37 100 . Level 2 14 | . . . . . . . . 19 . 2 . . 100 15 51 34 100 . 12 . 48 . . Level 3 15 | . . . . . . . . 17 64 12 . 76 . 45 48 16 . . . . . . . Level 4 16 | . . . . . . . . 17 35 49 100 23 . 34 . . . . . . . . . Level 5 10 | . . . . . . . . 29 . 34 . . . . . . . . . . . . . High Security . | . . . . . . . . . . . . . . . . . . . . . . . . Max Security . | . . . . . . . . . . . . . . . . . . . . . . . . Sterilizations 1 | . . . . . . . . . . . . 1 . . . . . . . . . . . Peak Influence 2610 | 5 91 50 215 162 . 175 173 2449 1285 2610 1369 1157 606 1481 772 1016 588 328 638 298 476 250 173 Initial 1369 | . . . . 82 . . 49 110 1285 668 1369 944 606 347 772 299 561 195 86 298 166 235 168 Average 696 | . 30 19 48 67 . 97 79 1151 1063 1504 1361 1039 552 970 693 481 511 285 145 270 368 237 166 Influence Increases 11960 | 5 326 70 635 90 20 405 759 2419 184 2162 . 253 . 1224 20 1381 323 242 788 . 624 15 15 Destroy 0b10 Robot/C 5740 | . 200 60 420 80 . 300 540 780 100 780 . 220 . 620 . 720 160 80 240 . 440 . . Destroy 0b10 Robot/NC 235 | 5 35 . 35 . 20 5 25 10 . 5 . . . 5 . 25 10 30 20 . 5 . . Destroy Leader 718 | . 60 10 114 10 . 70 138 20 10 40 . 20 . 40 . 106 . . 50 . 30 . . Allied During Kill 1053 | . . . . . . . . 58 67 88 . 9 . 90 . 341 124 96 161 . 19 . . Successful Hack 139 | . 15 . 12 . . . 7 28 4 7 . . . . 4 48 . . . . 14 . . Disable Machine 420 | . . . 15 . . . 30 . . 45 . . . . 15 75 15 30 195 . . . . Anti-Garrison Action 2900 | . . . . . . . . 1400 . 1100 . . . 350 . . . . . . 50 . . Destroy Structure 365 | . 1 . 9 . . . 4 63 3 67 . 4 . 29 1 36 14 6 107 . 21 . . Partial Spotted 30 | . . . . . . . . . . . . . . . . . . . . . . 15 15 Lose Combat Pursuer 360 | . 15 . 30 . . 30 15 60 . 30 . . . 90 . 30 . . 15 . 45 . . Influence Decreases 11817 | 5 326 70 424 301 20 278 716 140 1678 507 1261 445 661 249 879 989 839 483 426 371 412 225 112 Entered New Map 6643 | . . . . 129 . . 78 60 1164 287 1241 405 551 149 699 313 443 293 161 311 72 215 72 Time Decay 3632 | 5 316 70 374 172 20 198 597 . 434 . 20 . 110 . 180 446 286 170 164 60 . 10 . Lost Part 682 | . 10 . 50 . . 80 41 80 . . . . . 60 . 130 10 . 1 . 180 . 40 Lost Ally 860 | . . . . . . . . . 80 220 . 40 . 40 . 100 100 20 100 . 160 . . Squads Dispatched 18 | . 1 . . . . . 2 . 2 . . 2 . . 1 6 . . 4 . . . . Investigation 4 | . . . . . . . . . . . . . . . . 4 . . . . . . . Extermination 2 | . . . . . . . . . 1 . . . . . . . . . 1 . . . . Reinforcement 10 | . 1 . . . . . 1 . . . . 2 . . 1 2 . . 3 . . . . Assault 1 | . . . . . . . . . 1 . . . . . . . . . . . . . . Garrison 1 | . . . . . . . 1 . . . . . . . . . . . . . . . . Intercept . | . . . . . . . . . . . . . . . . . . . . . . . . Searches Triggered . | . . . . . . . . . . . . . . . . . . . . . . . . Construction Impeded 2 | . . . . . . . . . . . . . . . . 2 . . . . . . . Haulers Reinforced . | . . . . . . . . . . . . . . . . . . . . . . . . Active Scanning Responses . | . . . . . . . . . . . . . . . . . . . . . . . . Cargo Convoy Interrupts . | . . . . . . . . . . . . . . . . . . . . . . . . Stealth | -11 -10 -10 -9 -9 -9 -8 -8 -8 -7 -7 -7 -7 -6 -6 -6 -6 -6 -6 -6 -5 -5 -5 -5 --------- Run | Yrd Mat Min Mat Min Exi Min Mat Gar Fac Gar Fac DSF Fac Gar Fac Ext Cet Arc Hub Fac Gar Fac Gar Distress Signals 9 | . 1 . 5 . . . 1 1 . . . . . . . . . . . . 1 . . Communications Jammed . | . . . . . . . . . . . . . . . . . . . . . . . . Distress Signals . | . . . . . . . . . . . . . . . . . . . . . . . . Times Spotted 397 | . 20 2 31 4 . 16 34 43 3 42 . 12 . 35 . 38 10 23 17 . 51 1 15 Peak Tracking Total 17 | . 6 1 8 4 . 4 5 5 4 8 . 4 . 4 1 4 5 2 12 . 10 1 17 Tactical Retreats 22 | . 1 . 2 . . 2 1 4 . 2 . . . 5 . 2 . . 1 . 2 . . Traps | -11 -10 -10 -9 -9 -9 -8 -8 -8 -7 -7 -7 -7 -6 -6 -6 -6 -6 -6 -6 -5 -5 -5 -5 ------- Run | Yrd Mat Min Mat Min Exi Min Mat Gar Fac Gar Fac DSF Fac Gar Fac Ext Cet Arc Hub Fac Gar Fac Gar Traps Triggered 27 | . 3 . . . . . . 8 1 11 . 1 . . . . . . . . 1 . 2 Indirectly . | . . . . . . . . . . . . . . . . . . . . . . . . Trap Hack Attempts . | . . . . . . . . . . . . . . . . . . . . . . . . Triggered . | . . . . . . . . . . . . . . . . . . . . . . . . Disarmed . | . . . . . . . . . . . . . . . . . . . . . . . . Reprogrammed . | . . . . . . . . . . . . . . . . . . . . . . . . Reused . | . . . . . . . . . . . . . . . . . . . . . . . . Traps Extracted . | . . . . . . . . . . . . . . . . . . . . . . . . Installed . | . . . . . . . . . . . . . . . . . . . . . . . . Triggered . | . . . . . . . . . . . . . . . . . . . . . . . . Machines | -11 -10 -10 -9 -9 -9 -8 -8 -8 -7 -7 -7 -7 -6 -6 -6 -6 -6 -6 -6 -5 -5 -5 -5 ---------- Run | Yrd Mat Min Mat Min Exi Min Mat Gar Fac Gar Fac DSF Fac Gar Fac Ext Cet Arc Hub Fac Gar Fac Gar Machines Disabled 48 | . . . 1 . . . 2 6 . 11 . . . 4 1 6 1 2 13 . 1 . . Max in Single Turn 10 | . . . 1 . . . 1 2 . 2 . . . 1 1 2 1 1 10 . 1 . . Garrison Relay 14 | . . . . . . . . 4 . 5 . . . 4 . . . . . . 1 . . Phase Generator 2 | . . . . . . . . 1 . 1 . . . . . . . . . . . . . Network Hub 1 | . . . . . . . . . . . . . . . . . . . 1 . . . . Energy Cycler 1 | . . . . . . . . . . . . . . . . 1 . . . . . . . Machines Repaired . | . . . . . . . . . . . . . . . . . . . . . . . . Machines Dismantled . | . . . . . . . . . . . . . . . . . . . . . . . . Machines Sabotaged . | . . . . . . . . . . . . . . . . . . . . . . . . Overloaded Fab Kills . | . . . . . . . . . . . . . . . . . . . . . . . . Hacking | -11 -10 -10 -9 -9 -9 -8 -8 -8 -7 -7 -7 -7 -6 -6 -6 -6 -6 -6 -6 -5 -5 -5 -5 --------- Run | Yrd Mat Min Mat Min Exi Min Mat Gar Fac Gar Fac DSF Fac Gar Fac Ext Cet Arc Hub Fac Gar Fac Gar Machines Accessed 55 | . 5 . 5 . 2 . 5 3 5 4 1 . 5 2 1 10 1 . 3 1 1 1 . Terminals 41 | . 4 . 5 . . . 3 3 4 4 1 . . 2 1 9 1 . 3 . 1 . . Fabricators . | . . . . . . . . . . . . . . . . . . . . . . . . Repair Stations 1 | . . . . . . . 1 . . . . . . . . . . . . . . . . Recycling Units 3 | . 1 . . . . . . . . . . . 1 . . 1 . . . . . . . Scanalyzers 3 | . . . . . . . . . . . . . 3 . . . . . . . . . . Garrison Access 5 | . . . . . . . 1 . 1 . . . 1 . . . . . . 1 . 1 . Total Hacks 113 | . 14 . 11 . 3 . 7 7 9 11 3 . 8 6 1 20 1 . 9 1 1 1 . Successful 44 | . 6 . 6 . 3 . 3 3 4 1 1 . 3 . 1 6 . . 4 1 1 1 . Failed 69 | . 8 . 5 . . . 4 4 5 10 2 . 5 6 . 14 1 . 5 . . . . Catastrophic 17 | . 2 . 1 . . . . . 3 2 . . . 1 . 6 1 . 1 . . . . Database Lockouts . | . . . . . . . . . . . . . . . . . . . . . . . . Manual 42 | . 12 . 11 . 1 . 4 . 7 . . . . . . 1 1 . 5 . . . . Terminals 93 | . 12 . 11 . . . 5 7 8 11 3 . . 6 1 18 1 . 9 . 1 . . Fabricators . | . . . . . . . . . . . . . . . . . . . . . . . . Repair Stations 1 | . . . . . . . 1 . . . . . . . . . . . . . . . . Recycling Units 5 | . 2 . . . . . . . . . . . 1 . . 2 . . . . . . . Scanalyzers 6 | . . . . . . . . . . . . . 6 . . . . . . . . . . Garrison Access 5 | . . . . . . . 1 . 1 . . . 1 . . . . . . 1 . 1 . Terminal Hacks 21 | . 1 . 1 . 3 . 1 3 . 1 1 . . . 1 5 . . 3 . 1 . . Record 2 | . . . . . 2 . . . . . . . . . . . . . . . . . . Open Door 8 | . . . . . . . . 1 . 1 . . . . 1 5 . . . . . . . Open DSF 1 | . . . . . . . . . . . 1 . . . . . . . . . . . . Level Access Points 1 | . . . . . . . . . . . . . . . . . . . 1 . . . . Branch Access Points 1 | . . . 1 . . . . . . . . . . . . . . . . . . . . Emergency Access Points 2 | . . . . . . . . 1 . . . . . . . . . . . . 1 . . Registered Components 1 | . 1 . . . . . . . . . . . . . . . . . . . . . . Zone Layout 3 | . . . . . . . 1 . . . . . . . . . . . 2 . . . . Patrol Navigation 1 | . . . . . . . . 1 . . . . . . . . . . . . . . . Proto ID Catalog 1 | . . . . . 1 . . . . . . . . . . . . . . . . . . Fabricator Hacks . | . . . . . . . . . . . . . . . . . . . . . . . . Repair Station Hacks . | . . . . . . . . . . . . . . . . . . . . . . . . Recycling Unit Hacks 3 | . 2 . . . . . . . . . . . 1 . . . . . . . . . . Report Inventory 2 | . 1 . . . . . . . . . . . 1 . . . . . . . . . . Retrieve Components 1 | . 1 . . . . . . . . . . . . . . . . . . . . . . Scanalyzer 1 | . . . . . . . . . . . . . 1 . . . . . . . . . . Insert Component 1 | . . . . . . . . . . . . . 1 . . . . . . . . . . Garrison Access Hacks 5 | . . . . . . . 1 . 1 . . . 1 . . . . . . 1 . 1 . Unlock Access 5 | . . . . . . . 1 . 1 . . . 1 . . . . . . 1 . 1 . Unauthorized Hacks 14 | . 3 . 5 . . . 1 . 3 . . . . . . 1 . . 1 . . . . Terminals 14 | . 3 . 5 . . . 1 . 3 . . . . . . 1 . . 1 . . . . Botnet 14 | . 3 . 5 . . . 1 . 3 . . . . . . 1 . . 1 . . . . Fabricators . | . . . . . . . . . . . . . . . . . . . . . . . . Repair Stations . | . . . . . . . . . . . . . . . . . . . . . . . . Recycling Units . | . . . . . . . . . . . . . . . . . . . . . . . . Scanalyzers . | . . . . . . . . . . . . . . . . . . . . . . . . Garrison Access . | . . . . . . . . . . . . . . . . . . . . . . . . Data Cores Recovered . | . . . . . . . . . . . . . . . . . . . . . . . . Used . | . . . . . . . . . . . . . . . . . . . . . . . . Hacking Detections 40 | . 4 . 4 . . . 3 2 5 4 . . 3 2 . 8 2 . 2 . . 1 . Full Trace Events 6 | . . . . . . . . 1 . . . . . 1 . 4 . . . . . . . Feedback Events . | . . . . . . . . . . . . . . . . . . . . . . . . Feedback Blocked . | . . . . . . . . . . . . . . . . . . . . . . . . Robot Schematics Acquired . | . . . . . . . . . . . . . . . . . . . . . . . . Robots Built . | . . . . . . . . . . . . . . . . . . . . . . . . Authchips . | . . . . . . . . . . . . . . . . . . . . . . . . Time . | . . . . . . . . . . . . . . . . . . . . . . . . Total Robot Build Rating . | . . . . . . . . . . . . . . . . . . . . . . . . Part Schematics Acquired . | . . . . . . . . . . . . . . . . . . . . . . . . Parts Built . | . . . . . . . . . . . . . . . . . . . . . . . . Authchips . | . . . . . . . . . . . . . . . . . . . . . . . . Time . | . . . . . . . . . . . . . . . . . . . . . . . . Total Part Build Rating . | . . . . . . . . . . . . . . . . . . . . . . . . Parts Repaired . | . . . . . . . . . . . . . . . . . . . . . . . . Time . | . . . . . . . . . . . . . . . . . . . . . . . . Parts Recycled . | . . . . . . . . . . . . . . . . . . . . . . . . Recycled Matter . | . . . . . . . . . . . . . . . . . . . . . . . . Retrieved Matter . | . . . . . . . . . . . . . . . . . . . . . . . . Retrieved Components 3 | . 3 . . . . . . . . . . . . . . . . . . . . . . Parts Scanalyzed 1 | . . . . . . . . . . . . . 1 . . . . . . . . . . Part Schematics Acquired . | . . . . . . . . . . . . . . . . . . . . . . . . Parts Damaged . | . . . . . . . . . . . . . . . . . . . . . . . . Bothacking | -11 -10 -10 -9 -9 -9 -8 -8 -8 -7 -7 -7 -7 -6 -6 -6 -6 -6 -6 -6 -5 -5 -5 -5 ------------ Run | Yrd Mat Min Mat Min Exi Min Mat Gar Fac Gar Fac DSF Fac Gar Fac Ext Cet Arc Hub Fac Gar Fac Gar Used RIF Installer 5 | . . . . . . . . 1 . 2 . . . 1 . . . . . . 1 . . Hotswap 1 | . . . . . . . . . . . . . . . . . . . . . 1 . . Command Fork 1 | . . . . . . . . . . 1 . . . . . . . . . . . . . Watcher Feeds 1 | . . . . . . . . . . 1 . . . . . . . . . . . . . Autoassimilate 1 | . . . . . . . . . . . . . . 1 . . . . . . . . . Robots Hacked 25 | . . . . . . . . . . 3 . 3 . 5 . 2 . . 2 . 10 . . Non-combat 1 | . . . . . . . . . . . . . . . . 1 . . . . . . . Combat 24 | . . . . . . . . . . 3 . 3 . 5 . 1 . . 2 . 10 . . Autoassimilated 3 | . . . . . . . . . . . . . . . . . . . . . 3 . . Robot Hacks Applied 22 | . . . . . . . . . . 3 . 3 . 5 . 2 . . 2 . 7 . . parse_system 2 | . . . . . . . . . . . . 1 . . . . . . 1 . . . . mark_security 1 | . . . . . . . . . . . . . . . . 1 . . . . . . . spike_heat 1 | . . . . . . . . . . . . . . 1 . . . . . . . . . amplify_resonance 7 | . . . . . . . . . . . . 1 . 1 . . . . . . 5 . . disable_weapons 1 | . . . . . . . . . . . . . . 1 . . . . . . . . . overwrite_iff 1 | . . . . . . . . . . . . . . . . . . . . . 1 . . streamctrl_high 3 | . . . . . . . . . . 2 . . . . . . . . . . 1 . . formatsys_high 6 | . . . . . . . . . . 1 . 1 . 2 . 1 . . 1 . . . . Relay Couplers Released 57 | . . . . . . . . 15 . 19 . . . 18 . . . . . . 5 . . Machine Destruction 57 | . . . . . . . . 15 . 19 . . . 18 . . . . . . 5 . . Attached 17 | . . . . . . . . . . 4 1 1 . 3 . 1 . . 1 . 2 . 4 Fabnet Peak Effective % . | . . . . . . . . . . . . . . . . . . . . . . . . Robots Rewired 29 | . . . . . 2 . . 10 . 3 . . . 2 . 6 . . . . 6 . . Allies Hacked . | . . . . . . . . . . . . . . . . . . . . . . . . Hacks Repelled . | . . . . . . . . . . . . . . . . . . . . . . . . Allies | -11 -10 -10 -9 -9 -9 -8 -8 -8 -7 -7 -7 -7 -6 -6 -6 -6 -6 -6 -6 -5 -5 -5 -5 -------- Run | Yrd Mat Min Mat Min Exi Min Mat Gar Fac Gar Fac DSF Fac Gar Fac Ext Cet Arc Hub Fac Gar Fac Gar Total Allies 58 | . . . . 2 2 . . 11 . 6 . 2 . 4 . 14 5 . 1 . 11 . . Largest Group 10 | . . . . 2 2 2 . 10 10 6 . 2 . 2 2 9 9 7 5 . 4 . . Highest-Rated Group 721 | . . . . 50 50 29 . 199 199 119 . 80 . 86 86 393 721 586 347 . 116 . . Highest-Rated Ally 159 | . . . . 31 31 21 . 25 24 32 . 40 . 43 43 159 143 143 96 . 41 . . Total Orders . | . . . . . . . . . . . . . . . . . . . . . . . . Ally Attacks 497 | . . . . . . 2 . 38 35 89 . 13 . 32 . 156 43 18 47 . 24 . . Total Damage 12125 | . . . . . . 10 . 686 530 1606 . 393 . 917 . 4161 1317 722 1362 . 421 . . Kills 104 | . . . . . . . . 8 5 15 . 6 . 10 . 34 8 4 9 . 5 . . Allies Corrupted 2 | . . . . . . . . . . . . . . . . 1 . . 1 . . . . Allies Melted . | . . . . . . . . . . . . . . . . . . . . . . . . Intel | -11 -10 -10 -9 -9 -9 -8 -8 -8 -7 -7 -7 -7 -6 -6 -6 -6 -6 -6 -6 -5 -5 -5 -5 ------- Run | Yrd Mat Min Mat Min Exi Min Mat Gar Fac Gar Fac DSF Fac Gar Fac Ext Cet Arc Hub Fac Gar Fac Gar Active Infowar (turns) 2494 | 26 633 . . . . . . . 1078 2 . . 2 . 243 510 . . . . . . . Sensors 1834 | . . . . . . . . . 1078 2 . . 1 . 243 510 . . . . . . . Terrain 4 | 4 . . . . . . . . . . . . . . . . . . . . . . . Seismic 656 | 23 633 . . . . . . . . . . . . . . . . . . . . . . Cloaking 1 | . . . . . . . . . . . . . 1 . . . . . . . . . . Robot Analysis Total . | . . . . . . . . . . . . . . . . . . . . . . . . Derelict Logs Recovered 3 | . . 1 . 2 . . . . . . . . . . . . . . . . . . . Drone Launches . | . . . . . . . . . . . . . . . . . . . . . . . . Drone Recoveries . | . . . . . . . . . . . . . . . . . . . . . . . . Exploration | -11 -10 -10 -9 -9 -9 -8 -8 -8 -7 -7 -7 -7 -6 -6 -6 -6 -6 -6 -6 -5 -5 -5 -5 ------------- Run | Yrd Mat Min Mat Min Exi Min Mat Gar Fac Gar Fac DSF Fac Gar Fac Ext Cet Arc Hub Fac Gar Fac Gar Turns Passed 20785 | 113 1204 226 1393 418 1639 418 2163 3406 1078 2939 46 331 230 1414 373 1100 622 342 345 126 765 28 66 Spaces Moved 9152 | 66 683 146 667 255 1004 89 780 1166 430 1042 19 140 141 693 215 576 266 145 167 77 269 54 62 Core 181 | 24 . . . . . . . . . . . . . . . . . . . . 41 54 62 Treads 6113 | 42 249 . . . . 46 780 1166 430 1042 19 140 141 693 215 300 235 145 167 77 226 . . Legs 3 | . . . . . . . . . . . . . . . . 1 . . . . 2 . . Wheels 2855 | . 434 146 667 255 1004 43 . . . . . . . . . 275 31 . . . . . . Hover . | . . . . . . . . . . . . . . . . . . . . . . . . Flight . | . . . . . . . . . . . . . . . . . . . . . . . . Fastest Speed 50 | 50 90 135 135 150 150 150 240 240 242 242 242 160 160 160 160 130 130 160 160 160 50 50 50 Average Speed 185 | 120 128 135 146 150 150 261 240 242 242 242 242 179 160 160 160 155 161 160 160 160 169 50 50 Slowest Speed 680 | 160 160 135 210 150 150 320 320 320 242 243 242 242 160 160 160 610 240 160 160 160 680 50 50 Overloaded Moves . | . . . . . . . . . . . . . . . . . . . . . . . . Propulsion Burnouts . | . . . . . . . . . . . . . . . . . . . . . . . . Robots Hopped . | . . . . . . . . . . . . . . . . . . . . . . . . Potential Cave-ins . | . . . . . . . . . . . . . . . . . . . . . . . . Cave-ins Triggered 1 | . . . . . . . . . . . . . . . . 1 . . . . . . . Exploration Rate (%) 49 | 5 80 51 63 64 89 23 62 93 11 88 . 85 5 82 8 81 77 80 22 4 39 4 17 Regions Visited 23 Branch Regions 8 Pre-discovered Areas 2 | . . . . 1 1 . . . . . . . . . . . . . . . . . . Known Exits Taken 10 | . . . 1 . . 1 1 . 1 . 1 . 1 . 1 . . . 1 1 . 1 . Unknown Exits Taken 8 | 1 1 1 . 1 1 . . . . . . . . . . 1 1 1 . . . . . Scrap Searched 1 | . . . . 1 . . . . . . . . . . . . . . . . . . . Spaces Dug 6 | . . . . . . . . . 2 . . . . 1 1 . . . 2 . . . . Terrain Destroyed 389 | . . . 7 . . . . 51 3 94 . 4 . 11 1 25 . 9 175 . 9 . . Melee 2 | . . . . . . . . . . . . . . 1 1 . . . . . . . . Projectile 70 | . . . . . . . . . 3 22 . 3 . . . 16 . 9 8 . 9 . . AOE 306 | . . . 7 . . . . 51 . 72 . . . . . 9 . . 167 . . . . Terrain Rammed . | . . . . . . . . . . . . . . . . . . . . . . . . Walls Destroyed . | . . . . . . . . . . . . . . . . . . . . . . . . Machines Disabled . | . . . . . . . . . . . . . . . . . . . . . . . . Actions | -11 -10 -10 -9 -9 -9 -8 -8 -8 -7 -7 -7 -7 -6 -6 -6 -6 -6 -6 -6 -5 -5 -5 -5 --------- Run | Yrd Mat Min Mat Min Exi Min Mat Gar Fac Gar Fac DSF Fac Gar Fac Ext Cet Arc Hub Fac Gar Fac Gar Total 11563 | 94 908 157 934 278 1081 158 941 1513 463 1294 19 194 146 849 240 735 441 194 223 79 471 54 97 Wait 573 | 6 105 . 95 15 16 1 23 23 17 27 . . . 24 9 30 83 11 37 . 50 . 1 Move 9133 | 65 682 145 666 254 1003 88 780 1165 430 1041 18 139 140 692 214 575 265 144 166 77 268 54 62 Hop . | . . . . . . . . . . . . . . . . . . . . . . . . Pick Up 252 | 11 30 3 30 3 5 6 32 33 2 16 . 7 . 13 5 20 23 4 . . 9 . . Fast Attach 36 | 1 . . 3 . . . 1 6 2 3 . 6 . 1 2 6 3 1 1 . . . . Attach 125 | 6 3 . 10 . . 10 10 12 2 7 . 3 3 7 1 17 10 1 3 2 14 . 4 Detach 9 | . . . . . . . . . . 2 . . 2 . . 3 2 . . . . . . Swap 108 | 3 10 . 11 . 2 . 9 9 2 17 1 11 1 14 3 4 8 1 1 . 1 . . Drop 227 | . 21 . 26 . 5 . 25 32 3 26 . 15 . 9 4 12 29 4 2 . 14 . . Fire 745 | 2 57 9 93 6 28 53 61 119 3 82 . 13 . 61 . 24 18 28 13 . 75 . . Melee 13 | . . . . . . . . . . . . . . 11 2 . . . . . . . . Ram . | . . . . . . . . . . . . . . . . . . . . . . . . Kick 2 | . . . . . . . . . . . . . . . . 2 . . . . . . . Crush 5 | . . . . . . . . 5 . . . . . . . . . . . . . . . Escape Stasis 65 | . . . . . . . . 15 2 18 . . . . . . . . . . . . 30 Rewire 270 | . . . . . 22 . . 94 . 55 . . . 17 . 42 . . . . 40 . . Trap . | . . . . . . . . . . . . . . . . . . . . . . . . Miscellaneous . | . . . . . . . . . . . . . . . . . . . . . . . . Route ------- -11/Scrapyard -10/Materials (discovered 4 exits: *Mat x3 / [*Min]) -10/Mines -9/Materials (discovered 4 exits: *Mat x2 / *Min / *Sto) -9/Mines (discovered 2 exits: *Mat / *Exi) -9/Exiles (discovered 2 exits: [*Min x2]) -8/Mines -8/Materials (discovered 3 exits: *Fac x2 / Gar) -8/Garrison (discovered 4 exits: *Fac x3 / [*Mat]) -7/Factory -7/Garrison (discovered 3 exits: *Fac x3) -7/Factory -7/DSF -6/Factory -6/Garrison (discovered 4 exits: *Fac x4) -6/Factory (discovered 2 exits: *Low / *Ext) -6/Extension (discovered 2 exits: *Fac / *Cet) -6/Cetus (discovered 2 exits: *Fac / [*Arc]) -6/Archives (discovered 3 exits: *Fac / *Hub x2) -6/Hub_04(d) (discovered 4 exits: *Fac x4) -5/Factory -5/Garrison -5/Factory -5/Garrison History --------- Turn | Location | Event 7 | -11/Scrapyard | Discovered new exit (range 15) 114 | -11/Scrapyard | Entered Materials 305 | -10/Materials | Build established: Mutant 395 | -10/Materials | Discovered new exit (range 13) 808 | -10/Materials | Core integrity fell below 50% 832 | -10/Materials | Discovered new exit (range 12) 942 | -10/Materials | Discovered new exit (range 14) 1079 | -10/Materials | Discovered new exit (range 7) 1318 | -10/Materials | Entered Mines 1337 | -10/Mines | Met a Derelict bent on vengeance 1467 | -10/Mines | Learned 4 Materials zone layouts 1537 | -10/Mines | Discovered new exit (range 5) 1544 | -10/Mines | Entered Materials 1544 | -9/Materials | Evolved 2 slots: Utility x1, Weapon x1 1545 | -9/Materials | Identified exit to Materials 1838 | -9/Materials | Build established: Tank 1978 | -9/Materials | Discovered new exit (range 15) 2317 | -9/Materials | Discovered exit to Materials (range 8) 2520 | -9/Materials | Identified exit to Mines 2520 | -9/Materials | Identified exit to Storage 2817 | -9/Materials | Lost 5 parts (1n4w) 2937 | -9/Materials | Entered Mines 3066 | -9/Mines | Found a damaged Exp. Sensor Array with a note attached 3069 | -9/Mines | Found Prototype Device 3085 | -9/Mines | Learned Materials terminal intel 3099 | -9/Mines | Learned location of Storage (-9) 3136 | -9/Mines | Discovered exit to Materials (range 14) 3267 | -9/Mines | Received a Rocket Launcher from a helpful Derelict 3347 | -9/Mines | Deemed a non-threat by the Exiles lab entrance 3347 | -9/Mines | Discovered new exit (range 5) 3355 | -9/Mines | Entered Exiles 3355 | -9/Exiles | Found Exiles lab destroyed 3355 | -9/Exiles | Accompanied by 2 allies 3385 | -9/Exiles | Led the pair of lost Derelicts to a safe place 3484 | -9/Exiles | Learned location of Zion (-6) 3563 | -9/Exiles | Opened EX-Vault 3572 | -9/Exiles | Found AWS/Gauss 4004 | -9/Exiles | Discovered new exit (range 12) 4375 | -9/Exiles | Discovered new exit (range 15) 4994 | -9/Exiles | Entered Mines 4994 | -8/Mines | Accompanied by 2 allies 5008 | -8/Mines | Core integrity fell below 50% 5115 | -8/Mines | Lost 5 parts (1p1n1u2w) 5279 | -8/Mines | Core integrity fell below 20% 5390 | -8/Mines | Discovered exit to Materials (range 6) 5396 | -8/Mines | Build established: Scavenger-Tank 5412 | -8/Mines | Entered Materials 5412 | -8/Materials | Evolved 2 slots: Propulsion x1, Weapon x1 5413 | -8/Materials | Loaded intel: 10 terminal locations 6605 | -8/Materials | Discovered new exit (range 7) 7509 | -8/Materials | Garrison activated, responded to threat 7524 | -8/Materials | Discovered new exit (range 11) 7575 | -8/Materials | Identified exit to Garrison 7575 | -8/Materials | Entered Garrison 7729 | -8/Garrison | Triggered checkpoint 7745 | -8/Garrison | Core integrity fell below 50% 7834 | -8/Garrison | Rescued a captive Derelict 7877 | -8/Garrison | Garrison Relay disabled 8101 | -8/Garrison | Triggered checkpoint 8130 | -8/Garrison | Triggered checkpoint 8547 | -8/Garrison | Triggered checkpoint 8731 | -8/Garrison | Garrison Relay disabled 8827 | -8/Garrison | Discovered new exit (range 10) 8961 | -8/Garrison | Triggered checkpoint 9019 | -8/Garrison | Triggered checkpoint 9304 | -8/Garrison | Discovered new exit (range 13) 9351 | -8/Garrison | Triggered checkpoint 9440 | -8/Garrison | Lost 3 parts (1n2w) 9541 | -8/Garrison | Garrison Relay disabled 9719 | -8/Garrison | Build established: Tank 9762 | -8/Garrison | Phase Generator disabled 10099 | -8/Garrison | Build established: Commander-Tank 10135 | -8/Garrison | Triggered checkpoint 10176 | -8/Garrison | Discovered new exit (range 3) 10329 | -8/Garrison | Triggered checkpoint 10364 | -8/Garrison | Garrison Relay disabled 10435 | -8/Garrison | Installed Relay Interface Framework 10454 | -8/Garrison | Discovered new exit (range 3) 10981 | -8/Garrison | Entered Factory 10981 | -7/Factory | Accompanied by 10 allies 10981 | -7/Factory | Evolved 2 slots: Propulsion x1, Utility x1 10981 | -7/Factory | Identified Exp. Sensor Array 11278 | -7/Factory | Build established: Commander-Skirmisher 11781 | -7/Factory | First assault squad dispatched 11967 | -7/Factory | Lost 3 allies 12045 | -7/Factory | Identified exit to Garrison 12059 | -7/Factory | Entered Garrison 12059 | -7/Garrison | Accompanied by 6 allies 12129 | -7/Garrison | Triggered checkpoint 12172 | -7/Garrison | Garrison Relay disabled 12183 | -7/Garrison | Triggered checkpoint 12220 | -7/Garrison | Lost 5 allies 12367 | -7/Garrison | Build established: Bothacker-Tank 12461 | -7/Garrison | Triggered checkpoint 12515 | -7/Garrison | Lost 3 allies 12531 | -7/Garrison | Triggered checkpoint 12745 | -7/Garrison | Discovered new exit (range 12) 12969 | -7/Garrison | Discovered new exit (range 14) 13110 | -7/Garrison | Phase Generator disabled 13250 | -7/Garrison | Destroyed 9 combat bots 13647 | -7/Garrison | Triggered checkpoint 13949 | -7/Garrison | Expanded RIF knowledge: Watcher Feeds 14003 | -7/Garrison | Triggered checkpoint 14024 | -7/Garrison | Garrison Relay disabled 14082 | -7/Garrison | Discovered new exit (range 14) 14289 | -7/Garrison | Garrison Relay disabled 14447 | -7/Garrison | Garrison Relay disabled 14631 | -7/Garrison | Triggered checkpoint 14732 | -7/Garrison | Garrison Relay disabled 14901 | -7/Garrison | Expanded RIF knowledge: Command Fork 14998 | -7/Garrison | Entered Factory 15003 | -7/Factory | Identified exit to DSF 15044 | -7/Factory | Entered DSF 15068 | -7/DSF | Additional patrols routed to DSF 15223 | -7/DSF | Discovered new exit (range 15) 15275 | -7/DSF | Sterilization system engaged 15295 | -7/DSF | Ambient heat levels rising (+10) 15310 | -7/DSF | Ambient heat levels rising (+10) 15325 | -7/DSF | Ambient heat levels rising (+10) 15340 | -7/DSF | Ambient heat levels rising (+10) 15355 | -7/DSF | Ambient heat levels rising (+10) 15370 | -7/DSF | Ambient heat levels rising (+10) 15375 | -7/DSF | Entered Factory 15375 | -6/Factory | Evolved 2 slots: Propulsion x1, Utility x1 15589 | -6/Factory | Identified exit to Garrison 15605 | -6/Factory | Entered Garrison 15633 | -6/Garrison | Triggered checkpoint 15980 | -6/Garrison | Garrison Relay disabled 16131 | -6/Garrison | Triggered checkpoint 16252 | -6/Garrison | Garrison Relay disabled 16307 | -6/Garrison | Discovered new exit (range 12) 16477 | -6/Garrison | Triggered checkpoint 16487 | -6/Garrison | Expanded RIF knowledge: Autoassimilate 16527 | -6/Garrison | Garrison Relay disabled 16563 | -6/Garrison | Discovered new exit (range 12) 16649 | -6/Garrison | Triggered checkpoint 16779 | -6/Garrison | Triggered checkpoint 16823 | -6/Garrison | Lost 4 parts (1u3w) 16840 | -6/Garrison | Garrison Relay disabled 16876 | -6/Garrison | Discovered new exit (range 8) 16951 | -6/Garrison | Triggered checkpoint 16980 | -6/Garrison | Discovered new exit (range 5) 17019 | -6/Garrison | Entered Factory 17019 | -6/Factory | Accompanied by 2 allies 17079 | -6/Factory | Discovered new exit (range 8) 17168 | -6/Factory | Identified exit to Lower Caves 17385 | -6/Factory | Discovered new exit (range 5) 17390 | -6/Factory | Identified exit to Extension 17392 | -6/Factory | Entered Extension 17392 | -6/Extension | Accompanied by 2 allies 17433 | -6/Extension | Build established: Bothacker-Skirmisher 17475 | -6/Extension | Rescued a captive Derelict 17672 | -6/Extension | Rescued A7 17791 | -6/Extension | Rescued a captive Derelict 17864 | -6/Extension | Rescued a captive Derelict 17866 | -6/Extension | Rescued a captive Derelict 17875 | -6/Extension | Spotted B-75 Beast 17898 | -6/Extension | Spotted B-75 Beast 17921 | -6/Extension | Allies destroyed B-75 Beast 17930 | -6/Extension | Crushed by falling debris 17933 | -6/Extension | Destroyed B-75 Beast 17939 | -6/Extension | Lost 3 allies 17961 | -6/Extension | Lost 9 parts (1p4n3u1w) 18149 | -6/Extension | Rescued a captive Derelict 18149 | -6/Extension | Rescued a captive Derelict 18158 | -6/Extension | Energy Cycler disabled 18159 | -6/Extension | Rescued a captive Derelict 18164 | -6/Extension | Rescued a captive Derelict 18166 | -6/Extension | Rescued a captive Derelict 18167 | -6/Extension | Rescued a captive Derelict 18190 | -6/Extension | Build established: Bothacker-Tank 18222 | -6/Extension | AWS/Gauss suddenly broke down 18388 | -6/Extension | Lost 4 allies 18427 | -6/Extension | Discovered new exit (range 10) 18429 | -6/Extension | Discovered new exit (range 6) 18467 | -6/Extension | Disrupted transfer network 18492 | -6/Extension | Entered Cetus 18492 | -6/Cetus | Accompanied by 7 allies (A7) 18497 | -6/Cetus | Acquired a Cetus Manufacturing Module code from A7 18509 | -6/Cetus | Spotted Cetus Guard 18509 | -6/Cetus | Spotted Cetus Guard 18511 | -6/Cetus | Spotted Cetus Guard 18517 | -6/Cetus | Spotted Cetus Guard 18517 | -6/Cetus | Allies destroyed Cetus Guard 18525 | -6/Cetus | Allies destroyed Cetus Guard 18532 | -6/Cetus | Allies destroyed Cetus Guard 18535 | -6/Cetus | Allies destroyed Cetus Guard 18560 | -6/Cetus | Lost 3 allies 18625 | -6/Cetus | Started Cetus Manufacturing Module 18650 | -6/Cetus | Manufactured an Enhanced Grunt 18675 | -6/Cetus | Manufactured an Enhanced Grunt 18700 | -6/Cetus | Manufactured an Enhanced Grunt 18725 | -6/Cetus | Manufactured an Enhanced Grunt 18750 | -6/Cetus | Manufactured an Enhanced Grunt 18833 | -6/Cetus | Escorted A7 to Cetus Mainframe 18869 | -6/Cetus | Build established: Bothacker-Mutant 18897 | -6/Cetus | Discovered new exit (range 15) 18918 | -6/Cetus | Discovered new exit (range 27) 18934 | -6/Cetus | Spotted Cetus Guard 18936 | -6/Cetus | Spotted Cetus Guard 18936 | -6/Cetus | Spotted Cetus Guard 18938 | -6/Cetus | Spotted Cetus Guard 18938 | -6/Cetus | Allies destroyed Cetus Guard 18943 | -6/Cetus | Allies destroyed Cetus Guard 18948 | -6/Cetus | Allies destroyed Cetus Guard 18952 | -6/Cetus | Allies destroyed Cetus Guard 18956 | -6/Cetus | Found Prototype Device 18957 | -6/Cetus | Identified Exp. Thermal Shield 18987 | -6/Cetus | Met Revision 17 19114 | -6/Cetus | Entered Archives 19114 | -6/Archives | Accompanied by 7 allies (A7) 19119 | -6/Archives | Received a hacking code to weaken MAIN.C 19173 | -6/Archives | Discovered new exit (range 13) 19258 | -6/Archives | Build established: Bothacker-Tank 19263 | -6/Archives | Discovered new exit (range 16) 19328 | -6/Archives | Discovered new exit (range 14) 19456 | -6/Archives | Entered Hub_04(d) 19456 | -6/Hub_04(d) | Accompanied by 5 allies 19477 | -6/Hub_04(d) | Identified exit to Factory 19682 | -6/Hub_04(d) | Core integrity fell below 50% 19747 | -6/Hub_04(d) | Lost 4 allies 19758 | -6/Hub_04(d) | Network Hub disabled 19759 | -6/Hub_04(d) | System corruption reached 10% 19785 | -6/Hub_04(d) | Spotted Lightning 19798 | -6/Hub_04(d) | Spotted Lightning 19799 | -6/Hub_04(d) | Spotted Lightning 19799 | -6/Hub_04(d) | Spotted Lightning 19799 | -6/Hub_04(d) | Spotted Lightning 19800 | -6/Hub_04(d) | Spotted Lightning 19801 | -6/Hub_04(d) | Entered Factory 19801 | -5/Factory | Evolved 2 slots: Power x1, Utility x1 19927 | -5/Factory | Identified exit to Garrison 19927 | -5/Factory | Entered Garrison 19991 | -5/Garrison | Triggered checkpoint 20009 | -5/Garrison | Triggered checkpoint 20029 | -5/Garrison | Garrison Relay disabled 20129 | -5/Garrison | Expanded RIF knowledge: Hotswap 20226 | -5/Garrison | Lost 3 parts (2p1w) 20357 | -5/Garrison | Lost 9 parts (4n2u3w) 20407 | -5/Garrison | Triggered checkpoint 20438 | -5/Garrison | Lost 4 allies 20541 | -5/Garrison | Triggered checkpoint 20576 | -5/Garrison | Build established: Botlord-Mutant 20673 | -5/Garrison | Core integrity fell below 50% 20685 | -5/Garrison | Discovered new exit (range 15) 20692 | -5/Garrison | Entered Factory 20702 | -5/Factory | Lost 6 parts (1p2n1u2w) 20720 | -5/Factory | Identified exit to Garrison 20720 | -5/Factory | Entered Garrison 20778 | -5/Garrison | Triggered checkpoint 20781 | -5/Garrison | Triggered checkpoint 20782 | -5/Garrison | System corruption reached 10% 20784 | -5/Garrison | Core integrity fell below 20% 20786 | -5/Garrison | Destroyed by G-50 Soldier with Heavy Laser Last Messages --------------- 20765_ Field strength at 34. 20766_ Field strength at 28. 20767_ Field strength at 22. 20768_ Field strength at 16. 20769_ Field strength at 10. 20770_ Field strength at 4. 20771_ Stasis field depleted. 20777_ Focal Shield destroyed. 20779_ C-30 ARC bursts open, deploying its payload. 20779_ L-41 Fighter unfolds itself. 20779_ G-50 Soldier unfolds itself. 20780_ Slug penetrates Wall. 20781_ Relay Coupler [Swarmer] destroyed. 20781_ Beams of light sweep through the air. An alarm sounds. 20781_ Relay Coupler [Hunter] destroyed. 20784_ Relay Coupler [Demolisher] severed. 20785_ S-27 Virus destroyed. 20786_ Relay Coupler [NC] destroyed. Map ----- +----------------------------------------------------+ | ?????????????????????????????????????????????????? | | ?????????????????????????????????????????????????? | | ?????????????????????????????????????????????????? | | ?????????????????????????????????????????????????? | | ?????????????????????????????????????????????????? | | ?????????????????????????????????????????????????? | | ?????????????????????????????????????????????????? | | ?????????????????????????????????????????????????? | | ?????????????????????????????????????????????????? | | ?????????????????????????????????????????????????? | | ?????????????????????????????????????????????????? | | ?????????????????????#####???????????????????????? | | ?????????????????????# sss???????????????????????? | | ????????????????## ## ##??####???????????????? | | ??????????????### ?? ????????????????? | | ??????????????? ? ?? ????????????????? | | ???????????????? ? ?? ?????????????????? | | ????????????????# ?# #? #?????????????????? | | ????????????????# p## ## #?????????????????? | | ????????????????" p "?????????????????? | | ????????????????" ???????????????????? | | ????????????????" ????????????????????? | | ????????????????" sh ?????????????????????? | | ????????????????# ## #??? #?????????????????? | | ????????????????# ## ## #?????????????????? | | ????????????????# @ #?????????????????? | | ????????????????# gl * s #?????????????????? | | ????????????????# gs%s #?????????????????? | | ????????????????# ## g ## #?????????????????? | | ????????????????# ##C CC#? #?????????????????? | | ????????????????# #######?? #?????????????????? | | ????????????????# #????????? #?????????????????? | | ????????????????# #??????????#?????????????????? | | ????????????????# #????????????????????????????? | | ????????????????# #????????????????????????????? | | ################# #????????????????????????????? | | #????????????????????????????? | | #????????????????????????????? | | #????????????????????????????? | | #####################????????????????????????????? | | ?????????????????????????????????????????????????? | | ?????????????????????????????????????????????????? | | ?????????????????????????????????????????????????? | | ?????????????????????????????????????????????????? | | ?????????????????????????????????????????????????? | | ?????????????????????????????????????????????????? | | ?????????????????????????????????????????????????? | | ?????????????????????????????????????????????????? | | ?????????????????????????????????????????????????? | | ?????????????????????????????????????????????????? | +----------------------------------------------------+ Best States ------------- Heat Dissipation 65 Energy Generation 45 Energy Capacity 600 Matter Stores 300 Matter Capacity 300 Sight Range 16 Robot Scan Range 20 Terrain Scan Range 16 Terrain Scan Density 10 Armor Coverage 600 Resistance: KI 20 Core Shielding 20 Phase Shifting 15 Evasion (%) 55 Recoil Reduction 5 Offensive Hacking 24 Relay Coupler Types 3 Relay Coupler Value 88 Authchip Count 1 Item Schematics ----------------- None Robot Schematics ------------------ None Fabricated ------------ Nothing Repaired ---------- Nothing Alien Tech Used ----------------- None Achievements -------------- None Challenges ------------ None Game ------ Seed CannonScatterThruster Manual? 0 Play Time 02:16:26 Cumulative 239.0 hours Start 2025.08.31 @ 12:05:53 End 2025.08.31 @ 14:38:58 Sessions 1 Manual Loads 0 Difficulty Rogue Special Mode None Game No. 354 Rogue 354 Adventurer 0 Explorer 0 Win Type - Total 4 Types 3/0/1/0/0/0/0/0/0/0 Lore% 81 Gallery% 76 Achievement% 58 Wizard Run 0 Options --------- Layout 1 ASCII 0 Keyboard 0 Movement Mouse Keybinds 0 Fullscreen 1 Font 32/SmallcapsGlow Map View 50x35 Zoom Use 0% Tactical HUD 1 Map Filters NONE Filters NONE Steam 1 RUN: 2d82b5df-b0dc-4453-9426-da5f24e38935